 Dungeon Crawl Stone Soup version 0.31.0-11-ge490571c62 (webtiles) character file.

Game seed: 335592229870578258

214 qw the Skirmisher (level 5, -5/30 HPs)
             Began as a Deep Elf Hunter on Feb 3, 2024.
             Was an Initiate of Okawaru.
             Slain by a gnoll
             ... wielding a +0 flail
             ... led by a gnoll bouda
              (8 damage)
             ... on level 4 of the Dungeon.
             The game lasted 00:00:11 (2028 turns).

qw the Skirmisher (Deep Elf Hunter)                 Turns: 2028, Time: 00:00:12

Health: -5/30      AC:  7    Str: 10    XL:     5   Next: 59%
Magic:  7/7        EV: 11    Int: 14    God:    Okawaru [......]
Gold:   110        SH:  0    Dex: 18    Spells: 4/4 levels left

rFire   . . .        a - +0 shortbow
rCold   . . .        (shield currently unavailable)
rNeg    . . .        k - +0 ring mail
rPois   .            j - +0 helmet {SInv}
rElec   .            (no cloak)
rCorr   .            b - +0 pair of gloves
SInv    +            (no boots)
Will    .....        (no amulet)
Stlth   +            (no ring)
HPRegen 0.25/turn    (no ring)
MPRegen 0.10/turn

%: no passive effects
@: about to teleport
A: no striking features
a: Renounce Religion


You were on level 4 of the Dungeon.
You worshipped Okawaru.
Okawaru was noncommittal.
You visited 2 branches of the dungeon, and saw 5 of its levels.

You collected 110 gold pieces.


   Skills:
 + Level 1.9 Fighting
 - Level 9.0 Ranged Weapons
 - Level 2.4 Dodging
 - Level 1.2 Stealth


You had 4 spell levels left.
You didn't know any spells.
Your spell library was empty.

Inventory:

Hand Weapons
 a - a +0 shortbow (weapon)
Armour
 b - a +0 pair of gloves (worn)
 f - the +1 scale mail of Ikibuf {rElec Dex+5}
   (You took it off an orc on level 4 of the Dungeon)

   Dex+5:     It affects your dexterity (+5).
   rElec:     It insulates you from electricity.
 j - a +0 helmet of see invisible (worn)
 k - a +0 ring mail (worn)
Jewellery
 e - a ring of fire
 h - a ring of positive energy
Scrolls
 c - a scroll of vulnerability {unknown}
 g - 3 scrolls of teleportation
Potions
 d - a potion of heal wounds

Dungeon Overview and Level Annotations

Branches:
Dungeon (4/15)             Temple (1/1) D:4

Altars:
Ashenzari
Cheibriados
Elyvilon
Fedhas
Gozag
Kikubaaqudgha
Makhleb
Okawaru
Ru
Sif Muna
Trog
Uskayaw
Wu Jian
Yredelemnul
Zin

Shops:
D:2 [(


Message History

The adder poisons you!
You shoot an arrow. The arrow hits the adder!
The adder is almost dead.
You feel sick.
A gnoll comes into view. It is wielding a +0 spear.
A gnoll bouda comes into view. It is wielding a +0 club.
The adder bites you but does no damage.
You shoot an arrow. The arrow hits the adder.
You kill the adder!
Okawaru accepts your kill.
You feel sick.
A gnoll comes into view. It is wielding a +0 flail.
A gnoll comes into view. It is wielding a +0 whip.
An orc comes into view. It is wielding a +0 hand axe.
You shoot an arrow. The arrow barely misses the gnoll.
The gnoll shouts!
The arrow hits the gnoll bouda.
The gnoll bouda is moderately wounded.
You feel sick.
The gnoll bouda barks out a call to the hunt!
The gnolls pick up the pace!
You shoot an arrow.
The arrow hits the gnoll but does no damage.
You feel sick.
You hear an angry hiss.
An orc comes into view.
It is wielding a +2 short sword of holy wrath.
The gnoll hits you from afar with a +0 spear.
You shoot an arrow. The arrow hits the gnoll.
The gnoll is lightly wounded.
You feel sick.
You are no longer poisoned.
A gnoll comes into view. It is wielding a +0 flail.
The gnoll barely misses you.
2027 ||| RETREEEEATING.
The gnoll hits you with a +0 flail! The gnoll closely misses you.
2028 ||| READING 4 scrolls of teleportation.
As you read the scroll of teleportation, it crumbles to dust.
You feel strangely unstable. The gnoll hits you with a +0 flail!
You die...

... #..# #.g #..# #g.
##.. #o# ... ###g##
..# ..g. #.#
#g##########.#
#.@..........#
############.######
##########.......
######........[.#####.
#......#........# .
#......#.).###..# .
#.#..#####).....# #
#......#...###.## #
######.#)#####.# #


You could see a gnoll bouda, 3 gnolls and an orc.

Vanquished Creatures
  A hound (D:4)
  2 orc wizards (D:4)
  4 adders
  3 ribbon worms
  4 dart slugs (D:1)
  8 orcs
  7 endoplasms
  3 giant cockroaches
  5 goblins
  5 hobgoblins
  A jackal (D:1)
  5 quokkas
  6 ball pythons
  2 bats
  6 frilled lizards
  6 kobolds
  7 rats
75 creatures vanquished.

Notes
Turn   | Place    | Note
-------+----------+-------------------------------------------
     0 | D:1      | qw the Deep Elf Hunter began the quest for the Orb.
     0 | D:1      | Reached XP level 1. HP: 12/12 MP: 3/3
     0 | D:1      | 0 ||| qw: Version: 0.3-a-155-g5e7d8dd
     0 | D:1      | 0 ||| qw: Game counter: 3283
     0 | D:1      | 0 ||| qw: Melee chars always use a shield: true
     0 | D:1      | 0 ||| qw: God list: Okawaru
     0 | D:1      | 0 ||| qw: Allow faded altars: false
     0 | D:1      | 0 ||| qw: Do Orc after clearing Dungeon:15 true
     0 | D:1      | 0 ||| qw: Do second Lair branch before Depths: true
     0 | D:1      | 0 ||| qw: Lair rune preference: random
     0 | D:1      | 0 ||| qw: Goals: Normal
     0 | D:1      | 0 ||| PLANNING D:1-11
    56 | D:1      | Reached XP level 2. HP: 16/16 MP: 4/4
    57 | D:1      | Reached skill level 6 in Ranged Weapons
   208 | D:1      | Reached XP level 3. HP: 20/20 MP: 5/5
   475 | D:1      | 475 ||| UPGRADING to +0 scale mail.
   485 | D:1      | 485 ||| DROPPING +0 leather armour.
   486 | D:1      | 486 ||| READING scroll labelled TAUTYELLU VAGU.
   486 | D:1      | 486 ||| IDENTIFYING scroll labelled DIYLANG ZASCHIX
   487 | D:1      | 487 ||| DROPPING scroll of butterflies.
   579 | D:2      | Reached skill level 7 in Ranged Weapons
   667 | D:2      | Found a white marble altar of Elyvilon.
   820 | D:2      | Found Seil's Antique Weapon Emporium.
   834 | D:2      | 834 ||| SHOPLISTING orcbow (59 gold, have 42).
   866 | D:2      | Reached XP level 4. HP: 25/25 MP: 6/6
   902 | D:2      | Found Duciab's Antique Armour Emporium.
   915 | D:2      | 915 ||| SHOPLISTING dazzling scale mail (225 gold, have
                  | 63).
   915 | D:2      | 915 ||| SHOPLISTING pair of boots (112 gold, have 63).
   915 | D:2      | 915 ||| SHOPLISTING pair of gloves (112 gold, have 63).
  1213 | D:2      | 1213 ||| UPGRADING to +0 helmet of see invisible.
  1218 | D:2      | 1218 ||| UPGRADING to +0 ring mail.
  1228 | D:2      | 1228 ||| DROPPING +0 scale mail.
  1229 | D:2      | 1229 ||| READING scroll of identify.
  1229 | D:2      | 1229 ||| IDENTIFYING grey potion
  1230 | D:2      | 1230 ||| READING scroll labelled HOJINA NIAFOEN.
  1231 | D:2      | 1231 ||| READING 2 scrolls labelled CEETIU BAEFO.
  1232 | D:2      | 1232 ||| READING scroll labelled TIH CEMMISANYMP.
  1233 | D:2      | 1233 ||| DROPPING scroll of blinking.
  1234 | D:2      | 1234 ||| DROPPING potion of invisibility.
  1301 | D:3      | Found a broken altar of Ashenzari.
  1577 | D:3      | 1577 ||| FLEEEEING.
  1584 | D:3      | HP: 6/25 [poisoned by a kobold]
  1813 | D:3      | 1813 ||| UPGRADING to +0 pair of gloves.
  1818 | D:3      | 1818 ||| READING scroll of identify.
  1818 | D:3      | 1818 ||| IDENTIFYING gluggy clear potion
  1842 | D:4      | Reached skill level 8 in Ranged Weapons
  1844 | D:4      | Found a staircase to the Ecumenical Temple.
  1845 | D:4      | 1845 ||| PLANNING TEMPLE
  1853 | Temple   | Entered the Ecumenical Temple
  1854 | Temple   | 1854 ||| PLANNING OKAWARU WORSHIP
  1862 | Temple   | Became a worshipper of Warmaster Okawaru
  1863 | Temple   | 1863 ||| PLANNING D:1-11
  1897 | D:4      | Reached XP level 5. HP: 29/29 MP: 7/7
  1909 | D:4      | Identified the +1 scale mail of Ikibuf {rElec Dex+5}
  2020 | D:4      | Reached skill level 9 in Ranged Weapons
  2027 | D:4      | 2027 ||| RETREEEEATING.
  2027 | D:4      | HP: 2/30 [gnoll/+0 flail[a gnoll bouda] (7)]
  2028 | D:4      | 2028 ||| READING 4 scrolls of teleportation.
  2028 | D:4      | Slain by a gnoll

Levels and vault maps discovered:
D:1:      shiori_arrival_maze, layout_rooms
D:2:      layout_loops_ring, serial_shops, shop, shop, basic_altar
D:3:      layout_rooms, mainiacjoe_overflow_six_doors_small,
          minmay_misc_feat_nine_boxes, hangedman_decor_growths
D:4:      layout_loops_ring, nicolae_dithmenos_shadow_blocks,
          nicolae_overflow_hidden_temple, temple_statues
Temple:   minmay_temple_curvy_branch

Skill      XL: |  1  2  3  4  5 |
---------------+----------------+-----
Ranged Weapons | 6 7 8 9 |  9.0
Fighting       | |  1.9
Dodging        | |  2.4
Stealth        | |  1.2

Action                     |  1- 3 |  4- 6 || total
---------------------------+-------+-------++-------
   Fire: Shortbow          |   138 |   123 ||   261
    Use: Scroll            |     1 |     6 ||     7
 Armour: Leather armour    |    11 |       ||    11
         Scale mail        |    22 |       ||    22
         Ring mail         |       |    37 ||    37
  Dodge: Dodged            |    31 |    28 ||    59

Table legend:
 A = Non-vault XP
 B = Vault XP
 C = Vault XP percentage of total XP
 D = Non-vault monster count
 E = Vault monster count
 F = Vault count percentage of total count
                 A         B        C        D         E       F
            +---------+---------+-------+---------+---------+-------
      Total |     303 |       3 |   1.0 |      73 |       2 |   2.7
            +---------+---------+-------+---------+---------+-------
        D:1 |      54 |       3 |   5.3 |      30 |       2 |   6.2
        D:2 |      50 |       0 |   0.0 |      19 |       0 |   0.0
        D:3 |      36 |       0 |   0.0 |      11 |       0 |   0.0
        D:4 |     163 |       0 |   0.0 |      13 |       0 |   0.0
            +---------+---------+-------+---------+---------+-------
